 Dungeon Crawl Stone Soup version 0.17-a0-72-gd614ac0 (webtiles) character file.

0 Pikaro the Gusty (level 1, -2/10 HPs)
             Began as a Tengu Air Elementalist on Mar 13, 2015.
             Slain by a gnoll
             ... wielding a +0 whip
              (5 damage)
             ... on level 1 of the Dungeon.
             The game lasted 00:00:24 (55 turns).

Pikaro the Gusty (Tengu Air Elementalist)             Turns: 55, Time: 00:00:25

Health: -2/10      AC:  2    Str:  8    XL:     1   Next: 10%
Magic:  0/3        EV: 12    Int: 15    God:
Gold:   0          SH:  0    Dex: 14    Spells: 1 memorised, 3 levels left

rFire  . . .     SeeInvis .     (no weapon)
rCold  . . .     Clarity  .     a - +0 robe
rNeg   . . .     SustAb   .     (no shield)
rPois  .         Gourm    .     (helmet restricted)
rElec  .         Spirit   .     (no cloak)
rCorr  .         Warding  .     (no gloves)
rMut   .         Stasis   .     (boots unavailable)
MR     .....                    (no amulet)
Stlth  ++........               (no ring)
                                (no ring)

@: not resistant to hostile enchantments, unstealthy
A: beak, talons 3
a: no special abilities


You were on level 1 of the Dungeon.
You were not hungry.

You visited 1 branch of the dungeon, and saw 1 of its levels.

Inventory:

Armour
 a - a +0 robe (worn)
Potions
 d - a potion of heal wounds {unknown}
Books
 b - a book of Air
Comestibles
 c - a bread ration


   Skills:
 - Level 2.1 Dodging
 - Level 2.0 Stealth
 - Level 2.0 Spellcasting
 - Level 1.3 Conjurations
 + Level 4.0 Air Magic


You had 3 spell levels left.
You knew the following spells:

 Your Spells              Type           Power        Failure   Level  Hunger
a - Shock                 Conj/Air       #...         10%         1    #......


Dungeon Overview and Level Annotations

Branches:
Dungeon (1/15)

Altars:


Innate Abilities, Weirdness & Mutations

You have a beak for a mouth.
You have claws for feet.


Message History

Welcome, Pikaro the Tengu Air Elementalist.
Will you prevail where others failed? Will you find the Orb of Zot?
Unknown command.
d - a glowing golden potion A rat comes into view.
You hit the rat.
You kill the rat!
No target in view!
You swing at nothing.
Adjust (i)tems, (s)pells, or (a)bilities?
Adjust which spell?
A - Shock Adjust to which letter? a - Shock You see here a rat corpse.
A gnoll comes into view. It is wielding a whip.
Spoiler Alert: The gnoll (sleeping) can hit for moderate damage in melee, and throws nets!
Aim: a gnoll, wielding a whip (resting)
The zap hits the gnoll.
The gnoll shouts!
You now have 2/3 mp.
Spoiler Alert: The gnoll can hit for moderate damage in melee, and throws nets!
Aim: a gnoll, wielding a whip (lightly wounded)
The zap hits the gnoll.
You now have 1/3 mp.
Aim: a gnoll, wielding a whip (moderately wounded)
The zap hits the gnoll.
You now have 0/3 mp.
Spoiler Alert: The gnoll can hit for moderate damage in melee, and throws nets!
You don't have enough magic to cast Shock!
You don't have enough magic to cast Shock!
You see here a rat corpse.
You butcher the rat corpse.
You see here a chunk of flesh.
Aim: a gnoll, wielding a whip (heavily wounded)
The zap hits the gnoll.
The gnoll appears unharmed.
You now have 0/3 mp.
Spoiler Alert: The gnoll can hit for moderate damage in melee, and throws nets!
You barely miss the gnoll. You claw the gnoll.
You peck the gnoll, but do no damage. The gnoll hits you with a whip!
Ouch! That really hurt!
* * * LOW HITPOINT WARNING * * *
You barely miss the gnoll.
You take 7 damage, and have 3/10 hp.
MASSIVE DAMAGE!!
Spoiler Alert: The gnoll can hit for moderate damage in melee, and throws nets!
You hit the gnoll. You claw the gnoll, but do no damage.
The gnoll hits you with a whip.
Ouch! That really hurt!
You die...

### #### ...
..# #.##.#
#.#.##########
##....%...g@.#
#.#.########.#
......g........
#.#
##........####
.#.# #..#####.#
#.#.# .... ..##
#.#.# #.. #..#
#.#.# . #..##
#.#.# ##...#
#.#.#


You could see a gnoll.

Vanquished Creatures
  A rat (D:1)
1 creature vanquished.

Notes
Turn   | Place    | Note
--------------------------------------------------------------
     0 | D:1      | Pikaro, the Tengu Air Elementalist, began the quest for the Orb.
     0 | D:1      | Reached XP level 1. HP: 10/10 MP: 3/3
    55 | D:1      | Slain by a gnoll

Action                   || total
-------------------------++-------
Melee: Unarmed           ||     4
 Cast: Shock             ||     4

Vault maps used:
D:1:      dpeg_arrival_tiny_f, minmay_misc_feat_four_crosses, feat_on_display

Table legend:
 A = Turns spent in this place as a percentage of turns spent in the entire game.
 B = Non-inter-level travel turns spent in this place as a percentage of non-inter-level travel turns spent in the entire game.
 C = Inter-level travel turns spent in this place as a percentage of turns spent in this place.
 D = Turns resting spent in this place as a percentage of non-inter-level travel turns spent in this place.
 E = Turns spent auto-exploring this place as a percentage of non-inter-level travel turns spent in this place.
 F = Non-inter-level travel turns spent in this place divided by the number of levels of this place that you've seen.
                   A       B       C       D       E      F
               +-------+-------+-------+-------+-------+----------------------
         Total | 100.0 | 100.0 |   0.0 |   0.0 |   8.8 |  34.0
       Dungeon | 100.0 | 100.0 |   0.0 |   0.0 |   8.8 |  34.0
               +-------+-------+-------+-------+-------+----------------------

Table legend:
 A = Kills in this place as a percentage of kills in entire the game.
 B = Kills by you in this place as a percentage of kills by you in the entire game.
 C = Kills by friends in this place as a percentage of kills by friends in the entire game.
 D = Other kills in this place as a percentage of other kills in the entire game.
 E = Experience gained in this place as a percentage of experience gained in the entire game.
 F = Experience gained in this place divided by the number of levels of this place that you have seen.
                   A       B       C       D       E      F
               +-------+-------+-------+-------+-------+----------------------
         Total | 100.0 | 100.0 |  -nan |  -nan | 100.0 |   1.0
       Dungeon | 100.0 | 100.0 |  -nan |  -nan | 100.0 |   1.0
               +-------+-------+-------+-------+-------+----------------------
